 Dungeon Crawl Stone Soup version 0.31-a0-1611-g890cdf5628 (webtiles) character file.

Game seed: 3813690265645382524

545 Laraso the Shooter (level 7, 0/52 HPs)
             Began as a Red Draconian Hexslinger on Jan 9, 2024.
             Slain by an ogre
             ... wielding a +0 giant spiked club
              (17 damage)
             ... on level 5 of the Dungeon.
             The game lasted 00:04:55 (3018 turns).

Laraso the Shooter (Red Draconian Hexslinger)       Turns: 3018, Time: 00:04:56

Health: 0/52       AC:  7    Str: 11    XL:     7   Next: 6%
Magic:  5/8        EV: 12    Int: 13    God:
Gold:   206        SH:  5    Dex: 15    Spells: 3/8 levels left

rFire   + . .        a - +1 sling
rCold   . . .        (no shield)
rNeg    . . .        (body armour unavailable)
rPois   .            (helmet restricted)
rElec   .            (no cloak)
rCorr   .            d - +0 pair of gloves
SInv    +            (no boots)
Will    .....        i - amulet of reflection
Stlth   +            e - ring of see invisible
HPRegen 0.28/turn    (no ring)
MPRegen 0.11/turn

%: reflection
@: weak-willed, jinxed
A: breathe fire, AC +6, unfitting armour, fire resistance 1, cold-blooded
a: Breathe Fire


You were on level 5 of the Dungeon.
You visited 1 branch of the dungeon, and saw 5 of its levels.

You collected 206 gold pieces.

Inventory:

Hand Weapons
 a - a +1 sling (weapon)
Missiles
 c - a throwing net
Armour
 d - a +0 pair of gloves (worn)
Jewellery
 e - a ring of see invisible (left hand)
 g - an amulet of the acrobat
 i - an amulet of reflection (around neck)
Scrolls
 b - a scroll of poison
 m - a scroll of immolation
 p - 3 scrolls of teleportation
 r - a scroll of identify {unknown}
 s - a scroll of revelation {unknown}
 u - a scroll of fog {unknown}
Potions
 f - 3 potions of heal wounds {unknown}
 h - 2 potions of lignification {unknown}
 j - a potion of brilliance {unknown}
 k - a potion of haste {unknown}
 l - a potion of resistance {unknown}
 n - a potion of enlightenment {unknown}
 o - a potion of attraction {unknown}
 q - 2 potions of curing {unknown}
 t - a potion of might {unknown}


   Skills:
 - Level 1.1 Fighting
 * Level 5.8 Ranged Weapons
 - Level 1.7 Dodging
 - Level 1.0 Spellcasting
 + Level 4.7 Hexes
 - Level 1.2 Fire Magic


You had 3 spell levels left.
You knew the following spells:

 Your Spells              Type           Power      Damage    Failure   Level
a - Jinxbite              Hex            26%        N/A       6%          2
b - Sigil of Binding      Hex            13%        N/A       12%         3

Your spell library contained the following spells:

 Spells                   Type           Power      Damage    Failure   Level
 Inner Flame              Hex/Fire       8%         N/A       26%         3
 Cause Fear               Hex            6%         N/A       36%         4
 Dimensional Bullseye     Hex/Tloc       3%         N/A       71%         4


Dungeon Overview and Level Annotations

Branches:
Dungeon (5/15)
 Temple: D:4-7

Altars:
Elyvilon
Fedhas
Uskayaw


Innate Abilities, Weirdness & Mutations

You can breathe blasts of fire.
Your fiery red scales are hard. (AC +6)
You cannot fit into any form of body armour.
Your flesh is heat resistant. (rF+)
You are cold-blooded and may be slowed by cold attacks.


Message History

The ogre is lightly wounded.
Casting: Jinxbite (safe; 6% risk of failure)
Confirm with . or Enter, or press ? or * to list all spells.
You miscast Jinxbite.
You are very lightly contaminated with residual magic.
Nothing appears to happen.
You shoot a sling bullet.
The sling bullet hits the ogre but does no damage.
The ogre is lightly wounded.
Casting: Jinxbite (safe; 6% risk of failure)
Confirm with . or Enter, or press ? or * to list all spells.
You beckon some vexing sprites to accompany your attacks.
You feel your willpower being sapped.
You shoot a sling bullet.
The sling bullet barely misses the ogre.
The ogre hits you with a +0 giant spiked club!
You shoot a sling bullet. The sling bullet hits the ogre!
The ogre is moderately wounded.
You shoot a sling bullet. The sling bullet hits the ogre.
The ogre is heavily wounded.
The ogre hits you with a +0 giant spiked club!!
You are too injured to fight recklessly!
You are too injured to fight recklessly!
You are too injured to fight recklessly!
Fire: a) +1 sling
Press: ? - help, Q - select action, (/) - cycle Shift-Dir - straight line, f/p - ogre
Aim: an ogre, wielding a +0 giant spiked club (heavily wounded, chance to call a sprite on attack: 47%, 74% to hit)
You shoot a sling bullet.
The sling bullet barely misses the ogre.
The ogre hits you with a +0 giant spiked club.
Your magical contamination has completely faded away.
Fire: a) +1 sling
Press: ? - help, Q - select action, (/) - cycle Shift-Dir - straight line, f/p - ogre
Aim: an ogre, wielding a +0 giant spiked club (heavily wounded, chance to call a sprite on attack: 47%, 74% to hit)
You shoot a sling bullet. The sling bullet hits the ogre.
The ogre is severely wounded.
A giggling sprite leaps out and bonks the ogre with its +0 giant spiked club.
The ogre is severely wounded.
The ogre hits you with a +0 giant spiked club!
You die...

#..........#
#..........# .
##..........# ...
#.#........##
.....###...........#
...................#
......##.....<.....#
......##...........#
......O@.............
.....##..#........##.
... #..##......## .
#.)##.###### #..##..
...###.# .#.. .....


You could see an ogre (very drained).

Vanquished Creatures
  A phantom (D:4)
  A scorpion (D:4)
  A jelly (D:5)
  3 hounds
  Jessica (D:2)
  An orc wizard (D:4)
  Natasha (thrice) (D:2)
  Robin (D:2)
  4 adders
  2 dart slugs
  A ribbon worm (D:2)
  8 orcs
  9 bats
  7 endoplasms
  11 giant cockroaches
  12 goblins
  13 hobgoblins
  4 jackals (D:4)
  8 kobolds
  6 quokkas
  4 ball pythons
  4 frilled lizards
  5 rats
110 creatures vanquished.

Notes
Turn   | Place    | Note
-------+----------+-------------------------------------------
     0 | D:1      | Laraso the Draconian Hexslinger began the quest for the
                  | Orb.
     0 | D:1      | Reached XP level 1. HP: 16/16 MP: 2/2
    40 | D:1      | Reached skill level 2 in Ranged Weapons
   130 | D:1      | Reached XP level 2. HP: 23/23 MP: 3/3
   133 | D:1      | Learned a level 2 spell: Jinxbite
   497 | D:1      | Reached XP level 3. HP: 28/28 MP: 4/4
   624 | D:1      | Reached skill level 3 in Ranged Weapons
  1019 | D:2      | Noticed Robin
  1030 | D:2      | Reached XP level 4. HP: 35/35 MP: 2/5
  1038 | D:2      | Killed Robin
  1070 | D:2      | Noticed Jessica
  1073 | D:2      | Killed Jessica
  1133 | D:2      | Noticed Natasha
  1139 | D:2      | Killed Natasha
  1140 | D:2      | Reached skill level 4 in Ranged Weapons
  1140 | D:2      | Reached XP level 5. HP: 25/40 MP: 3/6
  1159 | D:2      | Learned a level 3 spell: Sigil of Binding
  1256 | D:2      | Noticed Natasha
  1260 | D:2      | Killed Natasha
  1331 | D:2      | Noticed Natasha
  1340 | D:2      | Killed Natasha
  1518 | D:2      | Found a faded altar of an unknown god.
  2230 | D:4      | Reached XP level 6. HP: 47/47 MP: 7/7
  2328 | D:4      | Found a white marble altar of Elyvilon.
  2331 | D:4      | Found a blossoming altar of Fedhas.
  2334 | D:4      | Found a hide-covered altar of Uskayaw.
  2377 | D:3      | Reached skill level 5 in Ranged Weapons
  2885 | D:4      | Your scales start taking on a fiery red colour.
  2885 | D:4      | Reached XP level 7. HP: 52/52 MP: 6/8
  2885 | D:4      | Gained mutation: Your flesh is heat resistant. (rF+) [Red
                  | Draconian growth]
  2984 | D:5      | Entered Level 5 of the Dungeon
  3018 | D:5      | Slain by an ogre

Illustrated notes

Levels and vault maps discovered:
D:1:      nzn_arrival_depleted_hourglass, layout_basic
D:2:      layout_basic, shapermc_ecumenical_altar_mp_ritualfount,
          lemuel_flame_loot_1, uniq_robin, uniq_jessica, uniq_natasha
D:3:      minmay_roachtagon, layout_rooms, kennysheep_generic_room_3
D:4:      layout_cave_pools, grunt_temple_overflow_diamond, minmay_cupped
D:5:      minmay_opposing_rooms, layout_rooms, xom_redecorated,
          nicolae_vehumet_altar_sigil, corexii_leaking_fountain,
          hangedman_decor_riveting

Skill      XL: |  1  2  3  4  5  6 |
---------------+-------------------+-----
Ranged Weapons | 2 3 4 5 |  5.8
Hexes          | 3 4 |  4.7
Fighting       | |  1.1
Dodging        | |  1.7
Spellcasting   | |  1.0
Fire Magic     | |  1.2

Action                     |  1- 3 |  4- 6 |  7- 9 || total
---------------------------+-------+-------+-------++-------
   Fire: Sling             |   100 |   254 |    16 ||   370
   Cast: Jinxbite          |     4 |    17 |     1 ||    22
    Use: Scroll            |       |     6 |       ||     6
 Armour: Skin              |    25 |    90 |     4 ||   119
  Dodge: Dodged            |    16 |    81 |     2 ||    99
  Block: Other             |       |    38 |       ||    38

Table legend: (Time is in decaauts)
 A = Elapsed time spent in this place.
 B = Non-inter-level travel time spent in this place.
 C = Inter-level travel time spent in this place.
 D = Time resting spent in this place.
 E = Time spent auto-exploring this place.
 F = Levels seen in this place.
 G = Mean time per level.
                   A        B        C        D        E       F      G
               +--------+--------+--------+--------+--------+-----+--------+
         Total |   3104 |   3050 |     54 |    169 |   2169 |   5 |  620.8 |
       Dungeon |   3104 |   3050 |     54 |    169 |   2169 |   5 |  620.8 |
               +--------+--------+--------+--------+--------+-----+--------+

Top non-repeatable levels by time:
     D:2: 941 daAuts
     D:4: 768 daAuts
     D:1: 760 daAuts
     D:3: 599 daAuts
     D:5: 35 daAuts
